[ AOE2 MATCH · #487106948 ]
1v1 RMPersians vs Chinese
Player's team · LOSS
Rival team · WIN
[ REPLAY ANALYSIS · EXTRACTED FROM THE RECORDED GAME ]
Feudal
—
Castle
—
Imperial
—
| APM avg | 37.1 |
| APM peak | 103 |
| eAPM avg | 20.0 |
| Villagers / military | 149 / 131 |
Focus
⚔️ 31.4% · 🌾 68.6%
Skirmisher ×76 · Knight ×22 · Scout Cavalry ×11 · Mangonel ×9 · Monk ×4 · Archer ×4
Feudal
12:07
Castle
17:22
Imperial
45:32
| APM avg | 40.6 |
| APM peak | 95 |
| eAPM avg | 13.5 |
| Villagers / military | 102 / 160 |
Focus
⚔️ 34.3% · 🌾 65.7%
Chu Ko Nu ×90 · Knight ×46 · Iron Pagoda ×9 · Battering Ram ×7 · Trebuchet (Packed) ×4 · Spearman ×3
Match map
Initial resources + every placement click. Lines = walls · curves = elevation contours. ◆ gold · ⬟ stone · ● berries · ✦ relic · ◌ wall gap
Your base· Open — 4t gap
Dani aus Weila's base· Open — unwalled flank
Smoothed initial terrain · ◌ = detected wall gap · hover for details
Inputs per minute
— Hellskitchen532 - - Dani aus Weila
Build order — Hellskitchen532
First 150 of 432 actions detected
| 0:17 | Build | House |
| 0:38 | Build | Town Center |
| 1:01 | Build | House |
| 2:48 | Create | Villager (Male) |
| 2:48 | Create | Villager (Male) |
| 2:48 | Create | Villager (Male) |
| 2:48 | Create | Villager (Male) |
| 2:49 | Research | Loom |
| 2:52 | Create | Villager (Male) |
| 4:17 | Create | Villager (Male) |
| 4:17 | Create | Villager (Male) |
| 4:17 | Create | Villager (Male) |
| 4:33 | Build | Lumber Camp |
| 4:43 | Create | Villager (Male) |
| 5:37 | Research | Loom |
| 5:59 | Create | Villager (Male) |
| 5:59 | Create | Villager (Male) |
| 6:23 | Create | Villager (Male) |
| 7:04 | Build | House |
| 7:06 | Build | House |
| 7:13 | Create | Villager (Male) |
| 8:02 | Create | Villager (Male) |
| 8:03 | Create | Villager (Male) |
| 8:44 | Build | Mill |
| 8:47 | Create | Villager (Male) |
| 8:47 | Create | Villager (Male) |
| 9:29 | Create | Villager (Male) |
| 9:56 | Research | Feudal Age |
| 10:29 | Build | House |
| 10:40 | Build | Barracks |
| 10:42 | Build | House |
| 11:00 | Create | Villager (Male) |
| 12:01 | Build | House |
| 12:09 | Build | Stable |
| 12:13 | Create | Villager (Male) |
| 12:55 | Create | Scout Cavalry |
| 12:55 | Create | Scout Cavalry |
| 12:56 | Create | Scout Cavalry |
| 12:59 | Create | Scout Cavalry |
| 13:01 | Create | Villager (Male) |
| 13:02 | Create | Villager (Male) |
| 13:15 | Build | House |
| 13:19 | Build | Blacksmith |
| 13:20 | Create | Villager (Male) |
| 13:52 | Create | Scout Cavalry |
| 14:04 | Create | Villager (Male) |
| 14:12 | Build | Farm |
| 14:19 | Build | Farm |
| 14:20 | Create | Villager (Male) |
| 14:37 | Create | Villager (Male) |
| 14:40 | Build | Farm |
| 15:03 | Build | Farm |
| 15:06 | Build | Farm |
| 15:07 | Create | Villager (Male) |
| 15:17 | Build | Farm |
| 15:23 | Build | Farm |
| 15:24 | Create | Villager (Male) |
| 15:24 | Create | Villager (Male) |
| 16:00 | Create | Villager (Male) |
| 16:03 | Create | Villager (Male) |
| 16:39 | Create | Villager (Male) |
| 16:45 | Build | Archery Range |
| 16:58 | Create | Villager (Male) |
| 17:01 | Research | Wheelbarrow |
| 18:12 | Create | Villager (Male) |
| 18:17 | Create | Archer |
| 18:17 | Create | Archer |
| 18:17 | Create | Archer |
| 18:32 | Build | Mining Camp |
| 18:37 | Create | Villager (Male) |
| 18:50 | Build | Archery Range |
| 18:57 | Build | Lumber Camp |
| 18:59 | Build | Lumber Camp |
| 19:10 | Research | Double-Bit Axe |
| 19:12 | Research | Horse Collar |
| 19:39 | Create | Villager (Male) |
| 19:41 | Build | House |
| 19:42 | Build | House |
| 19:44 | Build | House |
| 19:45 | Build | House |
| 19:46 | Build | House |
| 19:56 | Create | Archer |
| 20:02 | Create | Villager (Male) |
| 20:37 | Create | Skirmisher |
| 20:37 | Create | Skirmisher |
| 20:38 | Create | Skirmisher |
| 20:51 | Research | Castle Age |
| 20:51 | Research | Castle Age |
| 20:52 | Research | Castle Age |
| 21:24 | Build | Farm |
| 21:24 | Build | Farm |
| 21:25 | Create | Villager (Male) |
| 21:26 | Create | Villager (Male) |
| 21:39 | Create | Skirmisher |
| 21:40 | Create | Skirmisher |
| 21:40 | Create | Skirmisher |
| 21:49 | Research | Fletching |
| 22:04 | Build | House |
| 22:06 | Create | Skirmisher |
| 22:07 | Create | Skirmisher |
| 22:07 | Create | Skirmisher |
| 22:07 | Create | Skirmisher |
| 22:31 | Research | Padded Archer Armor |
| 22:44 | Build | House |
| 23:02 | Create | Skirmisher |
| 23:03 | Create | Skirmisher |
| 23:09 | Build | Farm |
| 23:09 | Build | Farm |
| 23:10 | Build | Farm |
| 23:11 | Build | Farm |
| 23:20 | Build | Stable |
| 23:22 | Research | Elite Skirmisher (upgrade) |
| 23:30 | Research | Bodkin Arrow |
| 23:46 | Create | Villager (Male) |
| 23:46 | Create | Villager (Male) |
| 23:49 | Build | Farm |
| 24:06 | Build | Mining Camp |
| 24:27 | Create | Villager (Male) |
| 24:28 | Research | Town Watch |
| 25:00 | Research | Leather Archer Armor |
| 25:16 | Research | Light Cavalry (upgrade) |
| 25:16 | Research | Bloodlines |
| 25:37 | Create | Villager (Male) |
| 25:37 | Create | Villager (Male) |
| 25:42 | Build | Mill |
| 25:44 | Build | Farm |
| 25:44 | Build | Farm |
| 25:45 | Build | Farm |
| 25:48 | Create | Villager (Male) |
| 26:11 | Create | Scout Cavalry |
| 26:11 | Create | Scout Cavalry |
| 26:16 | Create | Villager (Male) |
| 26:16 | Create | Villager (Male) |
| 26:24 | Build | Farm |
| 26:24 | Build | Farm |
| 26:37 | Create | Scout Cavalry |
| 26:37 | Create | Scout Cavalry |
| 26:56 | Create | Villager (Male) |
| 27:38 | Create | Villager (Male) |
| 27:39 | Create | Villager (Male) |
| 27:49 | Build | Siege Workshop |
| 27:58 | Research | Bloodlines |
| 28:00 | Create | Knight |
| 28:01 | Create | Knight |
| 28:12 | Create | Skirmisher |
| 28:12 | Create | Skirmisher |
| 28:12 | Create | Skirmisher |
| 29:01 | Create | Skirmisher |
| 29:01 | Create | Skirmisher |
| 29:14 | Create | Villager (Male) |
Build order — Dani aus Weila
First 150 of 301 actions detected
| 0:35 | Build | Town Center |
| 2:34 | Research | Loom |
| 3:01 | Create | Villager (Male) |
| 3:35 | Create | Villager (Male) |
| 3:36 | Create | Villager (Male) |
| 3:51 | Build | Lumber Camp |
| 3:57 | Create | Villager (Male) |
| 4:21 | Create | Villager (Male) |
| 4:42 | Create | Villager (Male) |
| 5:04 | Create | Villager (Male) |
| 5:21 | Create | Villager (Male) |
| 6:02 | Create | Villager (Male) |
| 6:10 | Build | House |
| 6:30 | Create | Villager (Male) |
| 6:54 | Build | House |
| 7:02 | Create | Villager (Male) |
| 7:15 | Create | Villager (Male) |
| 7:45 | Create | Villager (Male) |
| 7:55 | Build | Palisade Wall |
| 8:05 | Create | Villager (Male) |
| 8:29 | Build | Mill |
| 8:34 | Create | Villager (Male) |
| 9:07 | Create | Villager (Male) |
| 9:27 | Build | Mining Camp |
| 9:30 | Create | Villager (Male) |
| 9:41 | Build | Mining Camp |
| 9:55 | Research | Feudal Age |
| 10:58 | Build | House |
| 12:02 | Create | Villager (Male) |
| 12:02 | Create | Villager (Male) |
| 12:07 | Age | Feudal Age |
| 12:11 | Build | Market |
| 12:18 | Build | Blacksmith |
| 13:21 | Create | Villager (Male) |
| 13:32 | Build | Mill |
| 14:30 | Build | Barracks |
| 14:42 | Research | Castle Age |
| 15:26 | Research | Double-Bit Axe |
| 15:42 | Create | Spearman |
| 16:14 | Create | Spearman |
| 16:37 | Build | Palisade Gate |
| 16:50 | Build | Palisade Gate |
| 17:22 | Age | Castle Age |
| 17:28 | Create | Spearman |
| 18:17 | Build | Castle |
| 18:23 | Create | Villager (Male) |
| 18:24 | Create | Villager (Male) |
| 18:44 | Create | Villager (Male) |
| 19:25 | Build | Town Center |
| 19:27 | Create | Chu Ko Nu |
| 19:27 | Create | Chu Ko Nu |
| 19:38 | Create | Chu Ko Nu |
| 19:54 | Create | Villager (Male) |
| 19:54 | Create | Villager (Male) |
| 20:04 | Create | Chu Ko Nu |
| 20:49 | Create | Villager (Male) |
| 20:56 | Build | Farm |
| 20:58 | Build | Farm |
| 21:14 | Create | Chu Ko Nu |
| 21:15 | Create | Chu Ko Nu |
| 21:32 | Research | Fletching |
| 21:40 | Create | Villager (Male) |
| 21:40 | Create | Villager (Male) |
| 21:57 | Create | Chu Ko Nu |
| 21:57 | Create | Chu Ko Nu |
| 22:36 | Build | Siege Workshop |
| 22:45 | Create | Villager (Male) |
| 22:45 | Create | Villager (Male) |
| 22:50 | Create | Villager (Male) |
| 22:50 | Create | Villager (Male) |
| 23:07 | Build | Town Center |
| 23:10 | Create | Chu Ko Nu |
| 23:10 | Create | Chu Ko Nu |
| 23:30 | Build | Farm |
| 23:36 | Create | Iron Pagoda |
| 23:42 | Build | House |
| 23:46 | Create | Chu Ko Nu |
| 23:47 | Create | Chu Ko Nu |
| 23:55 | Build | Farm |
| 24:01 | Create | Villager (Male) |
| 24:09 | Create | Villager (Male) |
| 24:09 | Create | Villager (Male) |
| 24:13 | Research | Bow Saw |
| 25:21 | Create | Iron Pagoda |
| 25:24 | Create | Villager (Male) |
| 25:25 | Create | Villager (Male) |
| 25:30 | Build | Farm |
| 25:31 | Build | Farm |
| 25:32 | Build | Farm |
| 25:34 | Build | Farm |
| 25:51 | Build | Stone Wall |
| 25:59 | Create | Iron Pagoda |
| 26:10 | Create | Chu Ko Nu |
| 26:10 | Create | Chu Ko Nu |
| 26:10 | Create | Chu Ko Nu |
| 26:27 | Create | Villager (Male) |
| 26:27 | Create | Villager (Male) |
| 26:38 | Create | Villager (Male) |
| 26:59 | Create | Battering Ram |
| 27:50 | Create | Chu Ko Nu ×5 |
| 28:11 | Build | University |
| 29:06 | Create | Iron Pagoda |
| 29:11 | Create | Chu Ko Nu ×5 |
| 29:23 | Research | Ballistics |
| 29:30 | Research | Bodkin Arrow |
| 29:34 | Build | House |
| 29:35 | Build | House |
| 29:48 | Create | Villager (Male) |
| 29:49 | Create | Villager (Male) |
| 29:50 | Create | Villager (Male) |
| 29:51 | Create | Villager (Male) |
| 29:52 | Create | Villager (Male) |
| 29:58 | Create | Villager (Male) |
| 29:59 | Create | Villager (Male) |
| 30:01 | Build | Farm |
| 31:19 | Create | Iron Pagoda |
| 31:30 | Create | Villager (Male) |
| 31:31 | Create | Villager (Male) |
| 31:32 | Create | Villager (Male) |
| 31:32 | Create | Villager (Male) |
| 31:47 | Create | Chu Ko Nu ×5 |
| 31:48 | Create | Chu Ko Nu ×5 |
| 33:18 | Create | Villager (Male) |
| 33:19 | Create | Villager (Male) |
| 33:19 | Create | Villager (Male) |
| 33:19 | Create | Villager (Male) |
| 33:20 | Create | Villager (Male) |
| 33:22 | Create | Chu Ko Nu ×5 |
| 33:36 | Create | Battering Ram |
| 33:36 | Create | Battering Ram |
| 33:36 | Create | Battering Ram |
| 33:43 | Build | Farm |
| 33:44 | Build | Farm |
| 33:46 | Build | Farm |
| 33:49 | Research | Gold Mining |
| 33:52 | Build | Farm |
| 33:53 | Build | Farm |
| 33:54 | Build | Farm |
| 34:03 | Build | Lumber Camp |
| 34:05 | Build | Farm |
| 34:17 | Create | Villager (Male) |
| 34:30 | Build | Stone Wall |
| 34:32 | Research | Padded Archer Armor |
| 34:43 | Create | Chu Ko Nu |
| 34:43 | Create | Chu Ko Nu |
| 34:52 | Create | Iron Pagoda |
| 35:04 | Build | Farm |
| 35:07 | Build | Farm |
| 35:16 | Build | Stable |
| 35:18 | Create | Chu Ko Nu |
Match timeline
| 7:55 | Dani aus Weila · wall_segment Palisade Wall x7 |
| 10:40 | Hellskitchen532 · first_building Barracks |
| 12:07 | Dani aus Weila · age_up feudal |
| 12:09 | Hellskitchen532 · first_building Stable |
| 14:30 | Dani aus Weila · first_building Barracks |
| 16:45 | Hellskitchen532 · first_building Archery Range |
| 17:22 | Dani aus Weila · age_up castle |
| 18:17 | Dani aus Weila · first_building Castle |
| 21:12 | Dani aus Weila · first_market_buy 100 food |
| 22:36 | Dani aus Weila · first_building Siege Workshop |
| 25:51 | Dani aus Weila · wall_segment Stone Wall x6 |
| 27:49 | Hellskitchen532 · first_building Siege Workshop |
| 31:27 | Hellskitchen532 · first_building Castle |
| 34:30 | Dani aus Weila · wall_segment Stone Wall x1 |
| 35:16 | Dani aus Weila · first_building Stable |
| 44:25 | Dani aus Weila · first_market_sell 500 wood |
| 45:32 | Dani aus Weila · age_up imperial |
| 48:30 | Hellskitchen532 · first_building Monastery |
| 48:59 | Hellskitchen532 · first_market_sell 100 wood |
| 54:29 | Hellskitchen532 · first_market_buy 100 stone |
| 57:28 | Hellskitchen532 · resign |
[ AI ANALYSIS · 1 CREDIT ]
What really happened in this match?
Wolo.gg analyzes every decision: build order, eco, micro, common mistakes by bracket. Personalized analysis on WhatsApp or Discord in 30 seconds.
Civ guide
Persians
Map guide
African Clearing
Perfil
Jugador #2986848